 Dungeon Crawl Stone Soup version 0.23-a0-619-g281719c6f9 (webtiles) character file.

49 Manul the Sneak (level 3, -1/27 HPs)
             Began as a Demonspawn Assassin on Dec 22, 2018.
             Succumbed to a kobold's poison
             ... on level 2 of the Dungeon on Dec 23, 2018.
             The game lasted 00:02:20 (1126 turns).

Manul the Sneak (Demonspawn Assassin)               Turns: 1126, Time: 00:02:21

Health: -1/27      AC:  6    Str: 16    XL:     3   Next: 53%
Magic:  3/3        EV: 10    Int: 17    God:
Gold:   126        SH:  0    Dex: 15    Spells: 2/2 levels left

rFire    . . .     SeeInvis .   a - +2 dagger
rCold    . . .     Gourm    .   (no shield)
rNeg     . . .     Faith    .   i - +0 ring mail
rPois    .         Spirit   .   (no helmet)
rElec    .         Reflect  .   d - +0 cloak
rCorr    .         Harm     .   (no gloves)
MR       .....                  (no boots)
Stlth    ++........             (no amulet)
HPRegen  0.09/turn              (no ring)
MPRegen  0.08/turn              (no ring)

@: mighty, brilliant, lethally poisoned (-1 -> -15), berserk cooldown, slowed,
very slow
A: spiny 1
a: no special abilities


You were on level 2 of the Dungeon.
You were not hungry.

You visited 1 branch of the dungeon, and saw 2 of its levels.

You collected 126 gold pieces.

Inventory:

Hand Weapons
 a - a +2 dagger (weapon)
 b - a +0 blowgun
Missiles
 e - 8 poisoned needles
 f - 2 curare-tipped needles
Armour
 c - a +0 robe
 d - a +0 cloak (worn)
 i - a +0 ring mail (worn)
Jewellery
 j - an uncursed ring of protection from fire {unknown}
Scrolls
 k - a scroll of enchant weapon {unknown}
 m - a scroll of enchant armour {unknown}
 q - a scroll of remove curse {unknown}
Potions
 n - a potion of lignification {unknown}
Comestibles
 g - 5 rations
 h - 2 chunks of flesh


   Skills:
 + Level 2.2 Fighting
 + Level 1.9 Short Blades
 + Level 1.8 Throwing
 + Level 1.0 Dodging
 + Level 4.7 Stealth


You had 2 spell levels left.
You didn't know any spells.
Your spell library was empty.

Dungeon Overview and Level Annotations

Branches:
Dungeon (2/15)

Altars:


Innate Abilities, Weirdness & Mutations

You are partially covered in sharp spines.


Message History

You feel a strong urge to attack something.
* * * LOW HITPOINT WARNING * * *
You feel sick.
* * * LOW HITPOINT WARNING * * *
You feel sick.
You see here a quokka corpse.
You feel your anger nearly subside.
You are no longer berserk.
You are exhausted.
You feel yourself slow down.
* * * LOW HITPOINT WARNING * * *
You feel sick.
* * * LOW HITPOINT WARNING * * *
You feel sick.
It was a potion of brilliance.
You feel clever all of a sudden.
* * * LOW HITPOINT WARNING * * *
You feel sick.
It was a potion of might.
You feel very mighty all of a sudden.
You die...

♣.♣ ##...## #.##.#.#
♣. ##+## #.#..#.# #.#
#.#.##.# #%# #.....÷#
##.## ###.####
####...## #.#
........# #.#
######..)##########.#
........†.@.........#
######.##############
#. .. ###


There were no monsters in sight!

Vanquished Creatures
  An adder (D:2)
  3 oozes (D:1)
  A worm (D:2)
  A dart slug (D:2)
  2 bats
  2 giant cockroaches (D:1)
  A hobgoblin (D:1)
  A quokka (D:2)
  2 ball pythons
  6 kobolds
  5 rats
25 creatures vanquished.

Notes
Turn   | Place    | Note
-------+----------+-------------------------------------------
     0 | D:1      | Manul the Demonspawn Assassin began the quest for the Orb.
     0 | D:1      | Reached XP level 1. HP: 16/16 MP: 1/1
   228 | D:1      | Reached skill level 4 in Stealth
   246 | D:1      | Gained mutation: You are partially covered in sharp spines.
                  | [demonic ancestry]
   246 | D:1      | Reached XP level 2. HP: 12/22 MP: 2/2
   674 | D:2      | Reached skill level 1 in Dodging
   674 | D:2      | Reached XP level 3. HP: 27/27 MP: 3/3
  1124 | D:2      | HP: 1/27 [poisoned by a kobold]
  1126 | D:2      | Succumbed to a kobold's poison

Vault maps used:
D:1:      lemuel_arrival_cross
D:2:      first_ration, serial_forest, infiniplex_forest_clump_diagonal,
          infiniplex_forest_straight_4, infiniplex_forest_end_3,
          infiniplex_forest_lined_3_way, infiniplex_forest_diagonal,
          infiniplex_forest_fountain, infiniplex_forest_zigzag_2

Skill      XL: |  1  2 |
---------------+-------+-----
Stealth        | 4 |  4.7
Dodging        | 1 |  1.0
Fighting       | |  2.2
Short Blades   | |  1.9
Throwing       | |  1.8

Action                   || total
-------------------------++-------
Melee: Dagger            ||    70
  Use: Potion            ||     3
 Stab: Sleeping          ||     5
  Eat: Chunk             ||     1
Armor: Robe              ||     5
       Ring mail         ||    14
Dodge: Dodged            ||    22

Table legend:
 A = Non-vault XP
 B = Vault XP
 C = Vault XP percentage of total XP
 D = Non-vault monster count
 E = Vault monster count
 F = Vault count percentage of total count
                 A         B        C        D         E       F
            +---------+---------+-------+---------+---------+-------
      Total |      71 |       0 |   0.0 |      25 |       0 |   0.0
            +---------+---------+-------+---------+---------+-------
        D:1 |      34 |       0 |   0.0 |      12 |       0 |   0.0
        D:2 |      37 |       0 |   0.0 |      13 |       0 |   0.0
            +---------+---------+-------+---------+---------+-------
